Map: Winter Madness LE

Players

SCIInewby

  • Race: Zerg Zerg
  • League: Master
  • Spawn Location: 5:00

TiRex - Winner!

  • Race: Protoss Protoss
  • League: Silver
  • Spawn Location: 11:00

VOD

Have the link to the VOD?

Description

Time

  • Played on: Feb. 6, 2026, 3:25 p.m.
  • Length: 11:54
Show
View Real Time Build Order
Export as new Build Order

SCIInewby Zerg 

Build Orders: Hatch First 

Get SALT Encoding   

  12  0:01  Drone  
  13  0:11  Drone  
  14  0:16  Extractor, Drone  
  15  0:21  Overlord  
  15  0:45  Hatchery  
  15  0:46  Drone  
  15  1:03  Spawning Pool  
  14  1:05  Drone  
  14  1:08  Drone  
  16  1:13  Drone  
  17  1:19  Overlord  
  17  1:25  Extractor  
  16  1:27  Extractor  
  16  1:28  Drone  
  16  1:41  Drone  
  17  1:55  Drone  
  17  1:56  Spine Crawler  
  18  2:01  Drone x2  
  19  2:09  Queen  
  21  2:26  Queen  
  23  2:30  Drone  
  24  2:37  Zergling x4  
  24  2:41  Drone  
  27  2:45  Drone  
  28  3:00  Drone x3  
  28  3:01  Drone  
  32  3:13  Drone x3  
  34  3:21  Drone  
  34  3:25  Extractor  
  34  3:26  Drone  
  35  3:27  Extractor, Drone  
  35  3:36  Roach Warren  
  35  3:37  Drone  
  35  3:39  Overlord  
  35  3:57  Queen  
  37  4:06  Drone x3  
  37  4:07  Drone  
  41  4:12  Lair  
  41  4:24  Drone x2  
  41  4:31  Overlord x3  
  43  4:49  Roach x2  
  43  4:50  Roach x2  
  51  5:05  Hatchery, Roach  
  51  5:06  Roach x2  
  56  5:14  Drone x4  
  60  5:30  Spire  
  60  5:31  Roach  
  60  5:32  Roach x2  
  60  5:34  Roach  
  67  5:40  Glial Reconstitution  
  67  5:50  Infestation Pit, Drone  
  67  6:05  Overlord x5  
  62  6:31  Zergling x4  
  62  6:32  Zergling x20  
  58  6:40  Metabolic Boost  
  58  6:45  Drone x4  
  58  6:50  Extractor  
  57  6:55  Roach  
  57  6:56  Roach x3  
  64  7:09  Queen  
  64  7:11  Drone x3  
  69  7:18  Mutalisk x3  
  73  7:30  Drone x5  
  73  7:34  Drone  
  73  7:35  Extractor  
  78  7:38  Drone x4  
  69  8:04  Mutalisk  
  69  8:05  Mutalisk x7  
  81  8:13  Mutalisk x3  
  81  8:17  Zergling x6  
  73  8:38  Mutalisk  
  73  8:39  Mutalisk x5  
  73  8:48  Drone x2  
  74  8:52  Drone x3  
  74  8:53  Drone  
  74  8:55  Drone  
  78  8:59  Drone x2  
  78  9:00  Drone  
  81  9:03  Roach  
  83  9:12  Mutalisk x2  
  83  9:13  Zergling x2  
  80  9:46  Drone x10  
  80  9:47  Drone x5  
  83  10:10  Mutalisk  
  83  10:11  Mutalisk x5  
  82  10:24  Mutalisk x3  
  88  10:31  Zergling x2  
  88  10:32  Zergling x4, Queen  
  93  10:49  Mutalisk  
  89  10:50  Mutalisk x2  
  87  10:58  Zergling x6  
  84  11:04  Zergling x6  
  77  11:21  Hatchery  
  77  11:22  Zergling x4  
  77  11:23  Zergling x12  
  78  11:29  Mutalisk  
Show
View Real Time Build Order
Export as new Build Order

TiRex Protoss - Winner!

Build Orders:  

Get SALT Encoding   

  1  0:00  Probe  
  12  0:05  Probe  
  14  0:15  Probe  
  15  0:25  Pylon  
  15  0:43  Probe  
  15  0:44  Gateway  
  16  0:55  Probe, Forge  
  17  1:07  Probe  
  17  1:09  Assimilator  
  18  1:16  Assimilator  
  18  1:21  Gateway  
  18  1:25  Probe  
  19  1:34  Cybernetics Core  
  19  1:37  Probe  
  20  1:49  Photon Cannon  
  20  1:52  Probe  
  21  2:01  Zealot  
  23  2:11  Pylon  
  23  2:25  Pylon  
  23  2:29  Probe  
  24  2:46  Nexus  
  24  2:51  Protoss Ground Weapons Level 1  
  24  2:57  Photon Cannon  
  24  3:05  Warp Gate  
  24  3:15  Gateway  
  22  3:28  Photon Cannon  
  22  3:34  Probe  
  23  3:51  Twilight Council  
  23  3:54  Probe  
  23  4:01  Stalker  
  23  4:02  Probe  
  24  4:07  Stalker  
  27  4:12  Probe  
  27  4:13  Stalker  
  32  4:24  Probe  
  32  4:28  Charge  
  33  4:36  Probe  
  34  4:40  Probe  
  35  4:48  Probe  
  35  4:52  Probe  
  37  4:56  Probe  
  37  5:02  Zealot x3  
  37  5:04  Probe x2  
  45  5:08  Protoss Ground Weapons Level 2  
  46  5:15  Probe  
  47  5:27  Probe  
  48  5:32  Nexus  
  48  5:33  Zealot  
  48  5:34  Zealot  
  52  5:37  Zealot  
  54  5:48  Pylon  
  54  5:50  Pylon  
  54  6:06  Probe  
  54  6:08  Stalker x2  
  54  6:09  Stalker  
  43  6:48  Stalker x2  
  43  6:49  Stalker  
  45  7:09  Probe  
  45  7:13  Zealot x3, Probe  
  52  7:21  Probe  
  53  7:29  Pylon  
  54  7:30  Probe  
  54  7:31  Pylon  
  54  7:35  Gateway  
  55  7:37  Gateway  
  55  7:42  Assimilator, Probe  
  56  7:44  Protoss Ground Weapons Level 3  
  56  7:46  Assimilator  
  56  7:53  Zealot  
  56  7:54  Zealot x2  
  60  8:10  Probe  
  61  8:19  Probe  
  62  8:22  Probe  
  63  8:31  Stalker x3, Probe  
  64  8:44  Probe  
  63  8:48  Stalker x2  
  63  8:52  Probe  
  58  9:04  Probe  
  55  9:10  Pylon  
  55  9:12  Pylon  
  55  9:13  Stalker x2  
  55  9:14  Stalker x3, Pylon  
  62  9:37  Stalker x2  
  62  9:38  Stalker x3  
  60  9:56  Photon Cannon  
  50  10:16  Pylon  
  50  10:20  Probe  
  50  10:21  Pylon  
  51  10:28  Probe  
  51  10:32  Probe  
  53  10:38  Probe  
  53  10:41  Photon Cannon  
  54  10:42  Photon Cannon  
  54  10:44  Probe, Photon Cannon  
  54  10:48  Gateway  
  55  10:50  Probe  
  55  10:56  Probe  
  57  11:02  Probe  
  54  11:15  Stalker x5  
  60  11:35  Probe  
  60  11:39  Stalker x3  
  67  11:40  Stalker x2  
Tags
 
Add a new tag
Caveats
  • Supply blocks, unpowered buildings, or Contaminate may cause inaccurate times.
  • Supply counts are checked every 10 seconds.